Map: Acolyte LE

Players

Grufzar - Winner!

  • Race: Protoss Protoss
  • League: Diamond
  • Spawn Location: 1:00

Yata

  • Race: Zerg Zerg
  • League: Platinum
  • Spawn Location: 7:00

VOD

Have the link to the VOD?

Description

Time

  • Played on: Nov. 4, 2017, 7:33 p.m.
  • Length: 20:50
Show
View Real Time Build Order
Export as new Build Order

Grufzar Protoss - Winner!

Build Orders:  

Get SALT Encoding   

  12  0:01  Probe (Chrono Boost)  
  13  0:12  Probe (Chrono Boost)  
  14  0:20  Pylon  
  14  0:22  Probe (Chrono Boost)  
  15  0:38  Gateway, Probe (Chrono Boost)  
  16  0:49  Probe (Chrono Boost)  
  17  0:59  Probe (Chrono Boost)  
  17  1:00  Gateway  
  18  1:10  Probe (Chrono Boost)  
  19  1:12  Pylon  
  19  1:22  Probe (Chrono Boost)  
  20  1:26  Zealot (Chrono Boost)  
  22  1:33  Probe  
  23  1:47  Zealot (Chrono Boost)  
  23  1:49  Probe  
  28  1:55  Zealot (Chrono Boost)  
  28  2:00  Nexus  
  29  2:15  Probe  
  29  2:19  Pylon  
  29  2:20  Zealot (Chrono Boost)  
  33  2:41  Zealot (Chrono Boost)  
  33  2:44  Zealot (Chrono Boost)  
  35  2:47  Assimilator  
  33  2:52  Probe  
  34  2:59  Assimilator  
  34  3:03  Cybernetics Core  
  34  3:04  Probe  
  37  3:08  Zealot (Chrono Boost)  
  37  3:16  Probe  
  37  3:17  Probe  
  37  3:19  Zealot (Chrono Boost)  
  41  3:27  Probe  
  41  3:29  Probe  
  41  3:32  Forge  
  43  3:37  Probe  
  43  3:41  Probe  
  47  3:44  Zealot (Chrono Boost)  
  47  3:48  Probe  
  47  3:53  Probe  
  49  4:01  Zealot (Chrono Boost)  
  49  4:09  Probe  
  52  4:11  Zealot (Chrono Boost)  
  52  4:13  Stargate  
  44  4:19  Gateway  
  44  4:21  Warp Gate (Chrono Boost), Pylon  
  44  4:25  Zealot (Chrono Boost)  
  44  4:28  Probe  
  44  4:29  Photon Cannon, Probe  
  44  4:35  Zealot (Chrono Boost)  
  44  4:39  Protoss Ground Weapons Level 1 (Chrono Boost)  
  44  4:40  Probe  
  44  4:42  Probe  
  46  4:50  Zealot  
  46  4:52  Probe  
  49  4:54  Probe  
  50  5:05  Mothership Core  
  52  5:10  Zealot, Probe  
  52  5:12  Void Ray  
  59  5:21  Assimilator  
  59  5:23  Probe  
  59  5:25  Assimilator  
  59  5:26  Probe  
  59  5:27  Twilight Council  
  61  5:29  Pylon  
  61  5:31  Pylon  
  61  5:35  Probe  
  62  5:40  Pylon  
  62  5:49  Zealot, Probe  
  65  5:58  Probe  
  65  6:10  Probe  
  66  6:15  Void Ray  
  66  6:16  Probe  
  70  6:22  Probe  
  70  6:24  Charge (Chrono Boost)  
  71  6:28  Gateway, Nexus  
  71  6:29  Pylon  
  71  6:31  Pylon  
  71  6:40  Protoss Ground Weapons Level 2  
  71  6:48  Probe  
  72  6:55  Gateway x2  
  72  6:56  Gateway  
  72  7:00  Zealot x3  
  78  7:07  Void Ray  
  82  7:22  Zealot x3  
  86  7:25  Probe  
  89  7:30  Templar Archives  
  89  7:35  Assimilator  
  89  7:38  Zealot  
  89  7:40  Assimilator  
  91  7:48  Zealot x2  
  91  7:49  Zealot x3  
  91  7:50  Zealot  
  103  8:10  Zealot  
  103  8:11  Zealot x2  
  109  8:17  Pylon  
  109  8:18  Pylon  
  109  8:19  Pylon  
  109  8:30  Pylon  
  109  8:31  Probe x2  
  77  8:37  Zealot  
  77  8:38  Zealot x4  
  77  8:39  Zealot  
  85  8:41  Psionic Storm  
  85  8:43  Probe x2  
  81  8:50  Protoss Ground Weapons Level 3  
  81  8:55  Probe x2  
  81  8:58  High Templar x2  
  87  9:03  Zealot x4  
  87  9:04  Zealot  
  87  9:07  Probe x2  
  79  9:24  High Templar x2  
  79  9:25  High Templar x2  
  79  9:28  Probe x2  
  89  9:40  Probe  
  89  9:42  Void Ray  
  94  9:48  Zealot x3  
  100  9:56  Robotics Facility  
  100  10:01  Zealot x4  
  102  10:23  Zealot x3  
  102  10:24  Zealot x4  
  116  10:33  Void Ray  
  120  10:44  High Templar x3  
  120  10:45  Zealot x4  
  134  10:50  Probe  
  134  10:51  Immortal  
  119  11:24  Protoss Ground Armor Level 1  
  113  11:29  Zealot x3  
  113  11:30  Zealot x4, Warp Prism  
  117  11:57  Nexus  
  117  11:59  High Templar x4  
  117  12:00  High Templar, Zealot x2  
  131  12:12  Nexus  
  131  12:14  Pylon, Probe  
  132  12:16  Pylon  
  132  12:20  Probe  
  133  12:26  Probe  
  134  12:31  Archon  
  134  12:40  Void Ray (Chrono Boost)  
  110  12:56  Pylon  
  106  12:58  Zealot  
  106  12:59  Pylon, Zealot x6  
  106  13:01  Pylon  
  120  13:06  Immortal  
  120  13:10  Pylon  
  120  13:12  Probe  
  125  13:13  Photon Cannon  
  125  13:15  Photon Cannon  
  125  13:24  Probe  
  125  13:26  Zealot x4  
  125  13:27  Zealot x3  
  136  13:29  Stargate  
  136  13:31  Stargate  
  140  13:37  Probe  
  141  13:46  Assimilator  
  141  13:48  Gateway  
  129  14:03  Zealot x2  
  129  14:04  Zealot x5  
  143  14:19  Immortal  
  143  14:20  Void Ray (Chrono Boost)  
  115  14:41  Zealot x6  
  115  14:42  Zealot  
  105  15:01  Immortal  
  105  15:04  Void Ray (Chrono Boost)  
  105  15:08  Fleet Beacon  
  105  15:09  Probe  
  105  15:10  Probe x2  
  106  15:16  Assimilator  
  106  15:25  High Templar x3, Zealot  
  106  15:26  Zealot x3  
  122  15:37  Protoss Air Weapons Level 1  
  122  15:41  Void Ray (Chrono Boost)  
  122  15:42  Void Ray (Chrono Boost)  
  122  15:55  Zealot x4  
  122  15:56  Zealot  
  132  15:59  Probe  
  132  16:00  Mothership Core, Probe  
  132  16:01  Probe  
  137  16:08  Stargate  
  137  16:09  Stargate  
  137  16:17  High Templar x5  
  147  16:22  Carrier (Chrono Boost), Nexus  
  147  16:23  Pylon  
  159  16:26  Pylon  
  157  16:34  Carrier (Chrono Boost)  
  149  16:41  Archon  
  149  16:45  High Templar x3  
  159  16:47  Immortal  
  159  16:52  Zealot x2  
  159  16:53  Zealot x3  
  174  17:02  Archon  
  186  17:20  Carrier (Chrono Boost)  
  182  17:27  Carrier (Chrono Boost)  
  174  17:39  Carrier (Chrono Boost)  
  180  17:51  Carrier (Chrono Boost)  
  180  17:56  Gateway  
  180  17:59  Photon Cannon  
  180  18:03  Photon Cannon  
  180  18:10  Assimilator  
  180  18:11  Assimilator  
  180  18:17  Graviton Catapult  
  180  18:19  Protoss Air Weapons Level 2  
  180  18:25  Zealot  
  180  18:26  Zealot x2  
  192  18:33  Zealot x2  
  185  18:35  Carrier (Chrono Boost)  
  173  19:15  Zealot x6  
  173  19:16  Zealot  
  187  19:56  Zealot x6  
  199  20:34  Probe  
Show
View Real Time Build Order
Export as new Build Order

Yata Zerg 

Build Orders: Hatch First 

Get SALT Encoding   

  12  0:01  Drone  
  13  0:12  Overlord  
  13  0:17  Drone  
  14  0:30  Drone x2  
  14  0:34  Drone  
  17  0:54  Hatchery  
  17  0:55  Drone  
  17  1:00  Drone  
  18  1:09  Extractor  
  17  1:15  Spawning Pool  
  16  1:22  Drone x2  
  18  1:28  Drone  
  19  1:39  Overlord  
  19  1:53  Drone  
  20  2:03  Queen  
  20  2:06  Queen  
  20  2:08  Zergling x4  
  26  2:14  Metabolic Boost  
  26  2:17  Drone  
  26  2:19  Drone  
  28  2:23  Zergling x2  
  29  2:31  Spine Crawler  
  28  2:37  Drone x2  
  30  2:53  Drone x3  
  30  2:58  Baneling Nest  
  32  3:00  Evolution Chamber  
  32  3:01  Drone x2  
  33  3:05  Drone  
  34  3:13  Drone  
  34  3:14  Overlord  
  34  3:17  Overlord  
  35  3:20  Drone  
  36  3:32  Queen  
  36  3:33  Zergling x4  
  36  3:34  Zergling x6  
  43  3:50  Zergling x2  
  43  3:51  Zergling x12  
  43  3:52  Zergling x2  
  43  4:04  Zergling x2  
  43  4:05  Zergling x6  
  47  4:13  Drone  
  48  4:19  Drone x2  
  50  4:28  Drone  
  50  4:42  Extractor, Drone x2  
  50  4:43  Overlord x4  
  51  4:48  Hatchery  
  51  4:49  Pneumatized Carapace  
  50  4:54  Lair  
  50  4:57  Zerg Melee Weapons Level 1  
  49  5:11  Drone x5  
  49  5:12  Drone x4  
  58  5:15  Extractor  
  58  5:21  Zergling x2  
  56  5:34  Zergling x2  
  56  5:35  Zergling x8  
  61  5:50  Spore Crawler  
  61  5:53  Spore Crawler  
  54  6:10  Drone x2  
  54  6:11  Drone x4  
  60  6:17  Spore Crawler  
  53  6:19  Spore Crawler  
  53  6:20  Zergling x6  
  52  6:26  Centrifical Hooks, Hydralisk Den  
  52  6:28  Zergling x2  
  52  6:31  Queen  
  52  6:32  Queen  
  56  6:33  Queen  
  58  6:40  Zergling x4  
  60  6:47  Zergling x2  
  60  6:50  Zergling x6  
  64  6:55  Muscular Augments  
  64  6:58  Zerg Melee Weapons Level 2  
  64  7:06  Queen, Hydralisk x4  
  64  7:07  Hydralisk x2  
  78  7:14  Drone  
  79  7:24  Zergling x14  
  87  7:37  Zergling x4  
  88  7:48  Zergling x2  
  88  7:49  Zergling x2  
  88  7:50  Overlord  
  88  7:51  Overlord x5  
  90  7:57  Baneling x5  
  90  7:58  Baneling x13  
  90  8:01  Overlord  
  90  8:20  Zergling x2  
  90  8:21  Zergling x16  
  99  8:33  Zergling x2  
  89  8:34  Zergling x2  
  89  8:39  Hydralisk  
  90  8:47  Hydralisk  
  93  8:48  Zergling x2  
  93  8:49  Zergling x12  
  93  8:54  Extractor  
  98  8:58  Drone  
  94  9:03  Zergling x2  
  89  9:10  Zergling x2  
  89  9:15  Queen x2  
  89  9:16  Hatchery, Queen  
  95  9:18  Zerg Ground Armor Level 1  
  95  9:22  Zergling x2  
  95  9:23  Zergling x12  
  102  9:33  Overlord  
  102  9:34  Drone  
  102  9:47  Drone  
  102  9:48  Drone x6  
  109  10:02  Drone x3  
  112  10:12  Drone x4  
  112  10:13  Drone x3  
  118  10:19  Zergling x2  
  118  10:20  Zergling x24  
  93  10:35  Hydralisk x8  
  95  10:42  Hydralisk x3  
  113  10:49  Queen  
  117  10:52  Hydralisk x2  
  121  11:06  Zergling x12  
  121  11:07  Zergling x12  
  118  11:17  Zergling x2  
  118  11:18  Zergling x10  
  106  11:42  Zergling x14  
  106  11:43  Zergling x10  
  118  11:56  Zerg Ground Armor Level 2  
  118  12:00  Zergling x2  
  118  12:01  Zergling x14  
  126  12:03  Infestation Pit  
  125  12:09  Drone x12  
  125  12:12  Baneling x15  
  125  12:13  Baneling  
  125  12:15  Overlord x3  
  137  12:16  Overlord  
  137  12:34  Hydralisk x5  
  137  12:35  Hydralisk  
  149  12:42  Hive  
  139  12:49  Zergling x2  
  139  12:50  Zergling x26  
  120  13:08  Zergling x2  
  120  13:09  Zergling x24  
  133  13:15  Zergling x4  
  133  13:17  Hatchery  
  134  13:29  Zergling x2  
  134  13:30  Zergling x14  
  142  13:36  Hydralisk  
  142  13:37  Hydralisk x8  
  160  13:44  Hydralisk x3  
  165  13:57  Adrenal Glands  
  165  14:02  Zergling x2  
  151  14:03  Zergling x16  
  151  14:04  Baneling  
  151  14:05  Baneling  
  151  14:06  Baneling x6  
  151  14:07  Baneling x3  
  159  14:10  Baneling  
  159  14:11  Baneling x2  
  159  14:12  Baneling x3  
  159  14:19  Extractor  
  159  14:22  Extractor  
  122  14:34  Zergling x2  
  122  14:35  Zergling x32  
  113  14:50  Zergling x2  
  113  14:51  Zergling x6  
  109  14:58  Zergling x8  
  108  15:05  Zergling x6  
  108  15:06  Zergling x4  
  107  15:16  Queen  
  109  15:26  Drone x9  
  118  15:33  Ultralisk Cavern  
  117  15:38  Zergling x2  
  117  15:39  Zergling x14  
  117  15:41  Hydralisk x2  
  129  15:52  Baneling  
  129  15:54  Zergling x12  
  129  15:55  Zergling x8  
  139  16:03  Hatchery  
  138  16:06  Hatchery  
  138  16:08  Hydralisk  
  138  16:09  Hydralisk x7  
  153  16:21  Ultralisk x3  
  153  16:25  Overlord  
  171  16:26  Overlord  
  154  16:38  Ultralisk  
  154  16:41  Zergling x4  
  154  16:42  Zergling x8  
  160  16:58  Zergling x2  
  160  16:59  Zergling x22  
  172  17:11  Zergling x2  
  172  17:12  Zergling x2  
  111  17:38  Hatchery  
  111  17:39  Hydralisk  
  111  17:40  Hydralisk x8  
  111  17:44  Zergling x6  
  129  17:59  Zergling x16  
  129  18:00  Zergling x8  
  141  18:06  Zergling x2  
  141  18:07  Zergling x8  
  143  18:33  Zergling x12  
  139  18:34  Zergling x2  
  139  18:40  Hatchery  
  138  18:44  Hydralisk x3  
  144  18:48  Hatchery  
  143  18:57  Extractor  
  143  19:01  Extractor  
  141  19:03  Hydralisk  
  141  19:04  Hydralisk x5  
  141  19:09  Hydralisk x2  
  157  19:19  Hydralisk  
  157  19:20  Hydralisk x3  
  133  19:47  Hydralisk x6  
  143  19:54  Hydralisk  
  145  20:03  Drone x5  
  145  20:04  Drone x6  
  145  20:05  Drone x5  
  161  20:07  Hydralisk x2  
Tags
 
Matchup
PvZ
Replay Pack
Pack 1
Spawn Locations
Cross Positions
Add a new tag
Caveats
  • Supply blocks, unpowered buildings, or Contaminate may cause inaccurate times.
  • Supply counts are checked every 10 seconds.